Punishers vs Inferno
Created - February 17, 2020 at 19:18
Goals
|
| Punishers |
1 |
0 |
1 |
2 |
| Inferno |
3 |
0 |
2 |
5 |
|
Shots
|
| Punishers |
13 |
10 |
16 |
39 |
| Inferno |
13 |
10 |
16 |
39 |
|
1st period
1. Inferno , Anders Lee 27 (Bryan Rust 29) at 6:50
2. Inferno , Matt Kassian 12 (Colby Robak 28) at 7:27
3. Inferno , Tanner Pearson 29 (Anders Lee 32, Bryan Rust 30) at 10:51
4. Punishers , Andreas Athanasiou 11 (Garret Ross 17, Carter Ashton 25) at 16:26
Penalties :
No Penalty
2nd period
No Goal
Penalties :
Adam Pelech (Pro) for Hooking (Minor) at 9:36, Robbie Earl (Pro) for Holding (Minor) at 16:19
3rd period
5. Punishers , John Quenneville 6 (Dylan DeMelo 11) at 3:10
6. Inferno , David Savard 6 (Anders Lee 33, Kevin Labanc 25) at 9:39 (PP)
7. Inferno , Peter Cehlarik 2 (Tyler Shattock 6) at 16:10
Penalties :
Carter Ashton (Pro) for Holding (Minor) at 6:53, Dylan DeMelo (Pro) for Hooking (Minor) at 9:26, Robbie Earl (Pro) for Interference (Minor) at 13:55
Goalie Stats
Louis Domingue (Pro), 34 saves from 39 shots - (0.872), L, 18-16-2, 60:00 minutes
Michael Hutchinson (Anc), 37 saves from 39 shots - (0.949), W, 10-9-1, 60:00 minutes
Players Stats for Punishers
Player Name G A P +/- PIM S H SB GA TA FO MP PP MP PK MP
------------------------------------------------------------------------------------
Adam Pelech 0 0 0 0 2 2 2 1 1 0 0/0 27:46 0:00 3:07
Alex Schoenborn 0 0 0 0 0 0 0 0 0 0 0/0 0:00 0:00 0:00
Andreas Athanasiou 1 0 1 0 0 4 6 0 0 0 6/10 15:17 0:00 1:25
Austen Brassard 0 0 0 -1 0 0 3 0 0 0 0/0 11:35 0:00 0:00
Carter Ashton 0 1 1 0 2 1 1 0 0 0 0/3 13:51 0:00 0:00
Daniel Audette 0 0 0 0 0 0 0 0 0 0 0/0 2:40 0:00 2:27
Dylan DeMelo 0 1 1 1 2 0 2 0 0 1 0/0 12:12 0:00 0:25
Garret Ross 0 1 1 0 0 6 1 0 0 0 2/2 14:35 0:00 0:48
John Macfarland 0 0 0 0 0 0 0 0 0 0 0/0 3:10 0:00 2:38
John Quenneville 1 0 1 0 0 1 0 0 0 0 3/5 9:11 0:00 0:00
Jordan Schmaltz 0 0 0 -2 0 1 1 2 2 1 0/0 26:19 0:00 4:11
Madison Bowey 0 0 0 -2 0 0 1 1 1 2 0/0 22:47 0:00 4:04
Michael Joly 0 0 0 0 0 0 0 0 0 0 0/0 9:11 0:00 0:00
Miikka Salomaki 0 0 0 -1 0 4 1 1 2 0 3/4 17:58 0:00 1:20
Nikita Gusev 0 0 0 0 0 2 0 0 1 0 0/0 9:11 0:00 0:00
Radek Faksa 0 0 0 -1 0 3 1 0 0 0 0/1 13:17 0:00 1:15
Robbie Earl 0 0 0 -1 4 2 2 2 1 0 1/2 19:23 0:00 2:17
Slava Voynov 0 0 0 -1 0 5 4 2 2 0 0/0 30:35 0:00 4:12
Tyler Bertuzzi 0 0 0 -1 0 2 2 0 0 0 1/1 11:35 0:00 0:00
Zack Hamill 0 0 0 -1 0 6 0 2 0 2 19/38 21:13 0:00 4:27
Players Stats for Inferno
Player Name G A P +/- PIM S H SB GA TA FO MP PP MP PK MP
------------------------------------------------------------------------------------
Anders Lee 1 2 3 2 0 5 2 0 0 0 18/34 22:06 4:27 0:00
Bryan Rust 0 2 2 2 0 7 0 0 0 1 3/4 17:31 0:00 0:00
Christian Folin 0 0 0 2 0 0 0 2 1 1 0/0 23:16 2:42 0:00
Colby Robak 0 1 1 0 0 3 4 1 0 3 0/0 27:53 5:27 0:00
David Savard 1 0 1 -2 0 3 2 3 0 1 0/0 24:15 5:27 0:00
Esa Lindell 0 0 0 0 0 2 0 0 0 1 0/0 19:38 2:42 0:00
Kevin Labanc 0 1 1 1 0 4 0 2 2 0 0/0 18:21 4:27 0:00
Mathieu Brodeur 0 0 0 2 0 2 1 1 1 0 0/0 12:29 0:00 0:00
Matt Kassian 1 0 1 1 0 1 0 0 0 0 2/2 17:24 3:36 0:00
Matthew Nieto 0 0 0 0 0 0 2 0 0 0 0/0 12:17 0:06 0:00
Oliver Bjorkstrand 0 0 0 0 0 1 1 0 0 0 2/2 15:24 3:36 0:00
Peter Cehlarik 1 0 1 -1 0 1 1 0 0 0 1/1 8:13 0:00 0:00
Petteri Lindbohm 0 0 0 2 0 1 3 0 1 1 0/0 12:29 0:00 0:00
Ryan Spooner 0 0 0 0 0 1 1 2 1 1 0/1 12:10 0:00 0:00
Tanner Pearson 1 0 1 2 0 6 1 1 0 1 0/3 22:13 4:33 0:00
Tyler Shattock 0 1 1 -1 0 0 0 0 0 0 0/0 8:44 0:06 0:00
Victor Rask 0 0 0 1 0 2 1 2 0 0 4/14 17:24 3:36 0:00
Vladimir Zharkov 0 0 0 -1 0 0 0 0 0 0 1/5 8:13 0:00 0:00
3 Stars
1 - Anders Lee (Anc)
2 - Michael Hutchinson (Anc)
3 - Tanner Pearson (Anc)
Power Play
Punishers - 0 on 0 Attempt(s) - 0.00%
Inferno - 1 on 5 Attempt(s) - 20.00%
Penalty Kill
Punishers - 4 on 5 Attempt(s) - 80.00%
- Score 0 goal in Penalty Kill
Inferno - 0 on 0 Attempt(s) - 0.00%
- Score 0 goal in Penalty Kill
Team Stat
Punishers - Hits : 27 - Faceoff Wins : 35 - Blocked Shots : 11 - Penalty Minutes : 10
Inferno - Hits : 19 - Faceoff Wins : 31 - Blocked Shots : 14 - Penalty Minutes : 0
Official
Referees : Unknown
Linesman : Unknown
Game Notes
No Game Note
Finance
Level 1 -- Attendance: 1359 (67.95%) -- Ticket Income $54,360
Level 2 -- Attendance: 617 (61.70%) -- Ticket Income $12,340
Total Attendance: 1976 (65.87%)
Total Ticket Income: $66,700
Other Income: $3,335
Total Income: $70,035
Punishers
5 vs 5 Forward
Center Left Wing Right Wing Time % Phy DF OF
1 Zack Hamill Robbie Earl Miikka Salomaki 40 1 2 2
2 Andreas Athanasiou Garret Ross Carter Ashton 30 1 2 2
3 Radek Faksa Tyler Bertuzzi Austen Brassard 20 1 2 2
4 John Quenneville Nikita Gusev Michael Joly 10 1 2 2
5 vs 5 Defense
Defense Defense Time % Phy DF OF
1 Slava Voynov Adam Pelech 40 1 2 2
2 Jordan Schmaltz Madison Bowey 30 1 2 2
3 Dylan DeMelo Slava Voynov 20 1 2 2
4 Adam Pelech Jordan Schmaltz 10 1 2 2
PowerPlay Forward
Center Left Wing Right Wing Time % Phy DF OF
1 Zack Hamill Robbie Earl Miikka Salomaki 60 1 2 2
2 Andreas Athanasiou Garret Ross Carter Ashton 40 1 2 2
PowerPlay Defense
Defense Defense Time % Phy DF OF
1 Slava Voynov Adam Pelech 60 1 2 2
2 Jordan Schmaltz Madison Bowey 40 1 2 2
Penalty Kill 4 Players Forward
Center Wing Time % Phy DF OF
1 Zack Hamill Robbie Earl 60 1 2 2
2 Miikka Salomaki Andreas Athanasiou 40 1 2 2
Penalty Kill 4 Players Defense
Defense Defense Time % Phy DF OF
1 Slava Voynov Adam Pelech 60 1 2 2
2 Jordan Schmaltz Madison Bowey 40 1 2 2
Penalty Kill - 3 Players Forward
Forward Time % Phy DF OF
1 Zack Hamill 60 1 2 2
2 Robbie Earl 40 1 2 2
Penalty Kill - 3 Players Defense
Defense Defense Time % Phy DF OF
1 Slava Voynov Adam Pelech 60 1 2 2
2 Jordan Schmaltz Madison Bowey 40 1 2 2
4 vs 4 Forward
Center Wing Time % Phy DF OF
1 Zack Hamill Robbie Earl 60 1 2 2
2 Miikka Salomaki Andreas Athanasiou 40 1 2 2
4 vs 4 Defense
Defense Defense Time % Phy DF OF
1 Slava Voynov Adam Pelech 60 1 2 2
2 Jordan Schmaltz Madison Bowey 40 1 2 2
Last Minutes Offensive
Center Left Wing Right Wing Defense Defense
Zack Hamill Robbie Earl Miikka Salomaki Slava Voynov Adam Pelech
Last Minutes Defensive
Center Left Wing Right Wing Defense Defense
Zack Hamill Robbie Earl Miikka Salomaki Slava Voynov Adam Pelech
Goaltenders
Starting : Louis Domingue
Backup : Daniel Altshuller
Extra Forwards
Normal : John Macfarland, Alex Schoenborn, Daniel Audette - PP : John Macfarland, Alex Schoenborn - PK : Daniel Audette
Extra Defensemen
Normal : Dylan DeMelo, Madison Bowey, Slava Voynov - PP : Dylan DeMelo - PK : Madison Bowey, Slava Voynov
Penalty Shots
Zack Hamill, Robbie Earl, Miikka Salomaki, Andreas Athanasiou, Radek Faksa
Scratches
Ben Betker (Healthy)
Inferno
5 vs 5 Forward
Center Left Wing Right Wing Time % Phy DF OF
1 Anders Lee Tanner Pearson Bryan Rust 40 1 2 2
2 Victor Rask Matt Kassian Kevin Labanc 30 1 2 2
3 Ryan Spooner Matthew Nieto Oliver Bjorkstrand 20 1 2 2
4 Vladimir Zharkov Peter Cehlarik Tyler Shattock 10 1 2 2
5 vs 5 Defense
Defense Defense Time % Phy DF OF
1 Colby Robak David Savard 40 1 2 2
2 Esa Lindell Christian Folin 30 1 2 2
3 Mathieu Brodeur Petteri Lindbohm 20 1 2 2
4 Colby Robak Christian Folin 10 1 2 2
PowerPlay Forward
Center Left Wing Right Wing Time % Phy DF OF
1 Anders Lee Tanner Pearson Kevin Labanc 60 1 2 2
2 Victor Rask Matt Kassian Oliver Bjorkstrand 40 1 2 2
PowerPlay Defense
Defense Defense Time % Phy DF OF
1 Colby Robak David Savard 60 1 2 2
2 Esa Lindell Christian Folin 40 1 2 2
Penalty Kill 4 Players Forward
Center Wing Time % Phy DF OF
1 Ryan Spooner Bryan Rust 60 1 2 2
2 Anders Lee Matt Kassian 40 1 2 2
Penalty Kill 4 Players Defense
Defense Defense Time % Phy DF OF
1 Colby Robak David Savard 60 1 2 2
2 Mathieu Brodeur Christian Folin 40 1 2 2
Penalty Kill - 3 Players Forward
Forward Time % Phy DF OF
1 Bryan Rust 60 1 2 2
2 Vladimir Zharkov 40 1 2 2
Penalty Kill - 3 Players Defense
Defense Defense Time % Phy DF OF
1 Colby Robak David Savard 60 1 2 2
2 Mathieu Brodeur Christian Folin 40 1 2 2
4 vs 4 Forward
Center Wing Time % Phy DF OF
1 Anders Lee Tanner Pearson 60 1 2 2
2 Victor Rask Bryan Rust 40 1 2 2
4 vs 4 Defense
Defense Defense Time % Phy DF OF
1 Colby Robak David Savard 60 1 2 2
2 Esa Lindell Christian Folin 40 1 2 2
Last Minutes Offensive
Center Left Wing Right Wing Defense Defense
Anders Lee Tanner Pearson Bryan Rust Colby Robak David Savard
Last Minutes Defensive
Center Left Wing Right Wing Defense Defense
Anders Lee Tanner Pearson Bryan Rust Colby Robak David Savard
Goaltenders
Starting : Michael Hutchinson
Backup : Nathan Lieuwen
Extra Forwards
Normal : Anders Lee, Matthew Nieto, Kevin Labanc - PP : Oliver Bjorkstrand, Matthew Nieto - PK : Bryan Rust
Extra Defensemen
Normal : Esa Lindell, Mathieu Brodeur, Christian Folin - PP : Esa Lindell - PK : Mathieu Brodeur, Christian Folin
Penalty Shots
Anders Lee, Tanner Pearson, Matthew Nieto, Oliver Bjorkstrand, Victor Rask
Scratches
Chris Brown (Healthy), Philip Varone (Healthy), Frank Corrado (Bruised Right Foot Injury), Trevor Carrick (Healthy), Eric Karlsson (Healthy)
John Gilmour (Healthy), Vladimir Sobotka (Sprained Right Knee Injury), Ryan Donato (Healthy), Vladislav Kamenev (Healthy), Dominik Masin (Healthy)
Brandon Hickey (Healthy), Greg Pateryn (Healthy), Christopher Gibson (Healthy), Vitek Vanecek (Healthy)
% Time on Ice - Punishers
Lines # - Real PCT - Wanted PCT - Time Play
Normal Forward
1 - 33% - 40% - 17:18
2 - 27% - 30% - 13:47
3 - 22% - 20% - 11:35
4 - 18% - 10% - 9:11
Normal Defense
1 - 36% - 40% - 18:25
2 - 34% - 30% - 17:27
3 - 22% - 20% - 11:09
4 - 9% - 10% - 4:50
PP Forward
1 - 0% - 60%
2 - 0% - 40%
PP Defense
1 - 0% - 60%
2 - 0% - 40%
PK Forward
1 - 84% - 60% - 6:49
2 - 16% - 40% - 1:20
PK Defense
1 - 63% - 60% - 5:06
2 - 37% - 40% - 3:03
PK3 Forward
1 - 0% - 60%
2 - 0% - 40%
PK3 Defense
1 - 0% - 60%
2 - 0% - 40%
44 Forward
1 - 0% - 60%
2 - 0% - 40%
44 Defense
1 - 0% - 60%
2 - 0% - 40%
Last Minute Offensive - 0:00
Last Minute Defensive - 0:00
Total
Forward - 60:00
Defense - 60:00
|
% Time on Ice - Inferno
Lines # - Real PCT - Wanted PCT - Time Play
Normal Forward
1 - 34% - 40% - 17:40
2 - 27% - 30% - 13:48
3 - 23% - 20% - 12:10
4 - 16% - 10% - 8:13
Normal Defense
1 - 36% - 40% - 18:48
2 - 33% - 30% - 16:56
3 - 24% - 20% - 12:29
4 - 7% - 10% - 3:38
PP Forward
1 - 56% - 60% - 4:33
2 - 44% - 40% - 3:36
PP Defense
1 - 67% - 60% - 5:27
2 - 33% - 40% - 2:42
PK Forward
1 - 0% - 60%
2 - 0% - 40%
PK Defense
1 - 0% - 60%
2 - 0% - 40%
PK3 Forward
1 - 0% - 60%
2 - 0% - 40%
PK3 Defense
1 - 0% - 60%
2 - 0% - 40%
44 Forward
1 - 0% - 60%
2 - 0% - 40%
44 Defense
1 - 0% - 60%
2 - 0% - 40%
Last Minute Offensive - 0:00
Last Minute Defensive - 0:00
Total
Forward - 60:00
Defense - 60:00
|
Play-by-Play
1st period
0:01 of 1st period - Anders Lee wins face-off versus Zack Hamill in neutral zone.
0:16 of 1st period - Snap shot by Zack Hamill.
0:16 of 1st period - Stopped by Michael Hutchinson without a rebound.
0:17 of 1st period - Andreas Athanasiou wins face-off versus Victor Rask in Inferno zone.
1:10 of 1st period - Icing by Bryan Rust.
1:11 of 1st period - John Quenneville wins face-off versus Anders Lee in Inferno zone.
1:36 of 1st period - Backhand shot by Vladimir Zharkov.
1:36 of 1st period - Deflect By Tyler Shattock.
1:36 of 1st period - Shot Misses the Net.
1:36 of 1st period - Puck is out of play.
1:37 of 1st period - Zack Hamill wins face-off versus Vladimir Zharkov in Punishers zone.
2:38 of 1st period - Madison Bowey is hit by Oliver Bjorkstrand and loses puck.
2:51 of 1st period - Slapshot by Christian Folin.
2:51 of 1st period - Shot Misses the Net.
2:59 of 1st period - Snap shot by Nikita Gusev.
2:59 of 1st period - Shot Misses the Net.
3:01 of 1st period - Slapshot by Nikita Gusev.
3:01 of 1st period - Stopped by Michael Hutchinson without a rebound.
3:02 of 1st period - Zack Hamill wins face-off versus Victor Rask in Inferno zone.
3:13 of 1st period - Wrist shot by Miikka Salomaki.
3:13 of 1st period - Stopped by Michael Hutchinson with a rebound.
3:15 of 1st period - Snap shot by Slava Voynov.
3:15 of 1st period - Stopped by Michael Hutchinson with a rebound.
3:17 of 1st period - Slapshot by Zack Hamill.
3:17 of 1st period - Stopped by Michael Hutchinson without a rebound.
3:18 of 1st period - Garret Ross wins face-off versus Anders Lee in Inferno zone.
3:23 of 1st period - Slapshot by Slava Voynov.
3:23 of 1st period - Shot Misses the Net.
3:54 of 1st period - Slapshot by Victor Rask.
3:54 of 1st period - Shot Misses the Net.
4:35 of 1st period - Colby Robak is hit by Andreas Athanasiou and loses puck.
5:37 of 1st period - Colby Robak is hit by Radek Faksa and loses puck.
6:27 of 1st period - Wrist shot by Matt Kassian.
6:27 of 1st period - Shot Blocked by Robbie Earl.
6:43 of 1st period - Nikita Gusev is hit by Colby Robak and loses puck.
6:50 of 1st period - Wrist shot by Anders Lee.
6:50 of 1st period - Goal by Anders Lee - Punishers : 0 - Inferno : 1.
6:51 of 1st period - Zack Hamill wins face-off versus Tanner Pearson in neutral zone.
6:54 of 1st period - Snap shot by Zack Hamill.
6:54 of 1st period - Deflect By Robbie Earl.
6:54 of 1st period - Shot Misses the Net.
6:54 of 1st period - Puck is out of play.
6:55 of 1st period - Zack Hamill wins face-off versus Anders Lee in Inferno zone.
7:27 of 1st period - Wrist shot by Matt Kassian.
7:27 of 1st period - Goal by Matt Kassian - Punishers : 0 - Inferno : 2.
7:28 of 1st period - Anders Lee wins face-off versus Zack Hamill in neutral zone.
7:32 of 1st period - Snap shot by Tanner Pearson.
7:32 of 1st period - Deflect By Bryan Rust.
7:32 of 1st period - Shot Misses the Net.
7:32 of 1st period - Puck is out of play.
7:33 of 1st period - Miikka Salomaki wins face-off versus Anders Lee in Punishers zone.
7:40 of 1st period - Slapshot by Bryan Rust.
7:40 of 1st period - Stopped by Louis Domingue with a rebound.
7:42 of 1st period - Slapshot by Colby Robak.
7:42 of 1st period - Shot Blocked by Robbie Earl.
7:44 of 1st period - Snap shot by Tanner Pearson.
7:44 of 1st period - Stopped by Louis Domingue with a rebound.
7:46 of 1st period - Wrist shot by Colby Robak.
7:46 of 1st period - Shot Hit the Post.
7:48 of 1st period - Backhand shot by Bryan Rust.
7:48 of 1st period - Stopped by Louis Domingue with a rebound.
8:09 of 1st period - Snap shot by Bryan Rust.
8:09 of 1st period - Shot Misses the Net.
8:11 of 1st period - Snap shot by Bryan Rust.
8:11 of 1st period - Shot Misses the Net.
8:13 of 1st period - Slapshot by Anders Lee.
8:13 of 1st period - Stopped by Louis Domingue with a rebound.
8:15 of 1st period - Snap shot by Bryan Rust.
8:15 of 1st period - Deflect By Tanner Pearson.
8:15 of 1st period - Stopped by Louis Domingue with a rebound.
8:17 of 1st period - Wrist shot by David Savard.
8:17 of 1st period - Stopped by Louis Domingue with a rebound.
8:19 of 1st period - Slapshot by Colby Robak.
8:19 of 1st period - Stopped by Louis Domingue without a rebound.
8:20 of 1st period - Victor Rask wins face-off versus Andreas Athanasiou in Punishers zone.
8:25 of 1st period - Snap shot by Matt Kassian.
8:25 of 1st period - Shot Misses the Net.
8:33 of 1st period - Snap shot by Andreas Athanasiou.
8:33 of 1st period - Shot Misses the Net.
8:35 of 1st period - Slapshot by Jordan Schmaltz.
8:35 of 1st period - Shot Blocked by Christian Folin.
8:45 of 1st period - Radek Faksa is hit by Matthew Nieto and loses puck.
9:13 of 1st period - Icing by Dylan DeMelo.
9:14 of 1st period - Matt Kassian wins face-off versus John Quenneville in Punishers zone.
9:17 of 1st period - Wrist shot by Victor Rask.
9:17 of 1st period - Shot Misses the Net.
9:19 of 1st period - Snap shot by Kevin Labanc.
9:19 of 1st period - Stopped by Louis Domingue without a rebound.
9:20 of 1st period - Victor Rask wins face-off versus Carter Ashton in Punishers zone.
10:14 of 1st period - Slapshot by Jordan Schmaltz.
10:14 of 1st period - Deflect By Nikita Gusev.
10:14 of 1st period - Shot Blocked by Ryan Spooner.
10:14 of 1st period - Puck is out of play.
10:15 of 1st period - Zack Hamill wins face-off versus Victor Rask in Inferno zone.
10:20 of 1st period - Slapshot by Robbie Earl.
10:20 of 1st period - Shot Misses the Net.
10:22 of 1st period - Wrist shot by Miikka Salomaki.
10:22 of 1st period - Shot Misses the Net.
10:26 of 1st period - Wrist shot by Miikka Salomaki.
10:26 of 1st period - Shot Misses the Net.
10:28 of 1st period - Snap shot by Zack Hamill.
10:28 of 1st period - Stopped by Michael Hutchinson without a rebound.
10:29 of 1st period - Bryan Rust wins face-off versus Andreas Athanasiou in Inferno zone.
10:29 of 1st period - Bryan Rust is hit by Slava Voynov.
10:37 of 1st period - Snap shot by Anders Lee.
10:37 of 1st period - Shot Misses the Net.
10:39 of 1st period - Slapshot by Christian Folin.
10:39 of 1st period - Shot Misses the Net.
10:41 of 1st period - Snap shot by Bryan Rust.
10:41 of 1st period - Stopped by Louis Domingue without a rebound.
10:42 of 1st period - Anders Lee wins face-off versus Miikka Salomaki in Punishers zone.
10:51 of 1st period - Snap shot by Tanner Pearson.
10:51 of 1st period - Goal by Tanner Pearson - Punishers : 0 - Inferno : 3.
10:52 of 1st period - Andreas Athanasiou wins face-off versus Victor Rask in neutral zone.
11:05 of 1st period - Slapshot by Garret Ross.
11:05 of 1st period - Stopped by Michael Hutchinson with a rebound.
11:07 of 1st period - Slapshot by Adam Pelech.
11:07 of 1st period - Shot Misses the Net.
11:26 of 1st period - Wrist shot by Ryan Spooner.
11:26 of 1st period - Deflect By Zack Hamill.
11:26 of 1st period - Stopped by Louis Domingue without a rebound.
11:27 of 1st period - Tyler Bertuzzi wins face-off versus Anders Lee in Punishers zone.
11:27 of 1st period - Tyler Bertuzzi is hit by Tanner Pearson.
11:55 of 1st period - Off-side.
11:56 of 1st period - Miikka Salomaki wins face-off versus Ryan Spooner in neutral zone.
12:21 of 1st period - Slava Voynov is hit by Anders Lee and loses puck.
13:09 of 1st period - Off-side.
13:10 of 1st period - Zack Hamill wins face-off versus Vladimir Zharkov in neutral zone.
13:17 of 1st period - Snap shot by Robbie Earl.
13:17 of 1st period - Stopped by Michael Hutchinson without a rebound.
13:18 of 1st period - Garret Ross wins face-off versus Anders Lee in Inferno zone.
13:35 of 1st period - Colby Robak is hit by Garret Ross and loses puck.
14:53 of 1st period - Anders Lee is hit by Carter Ashton and loses puck.
15:45 of 1st period - Nikita Gusev is hit by Colby Robak.
15:49 of 1st period - Madison Bowey is hit by Ryan Spooner.
15:56 of 1st period - Icing by Colby Robak.
15:57 of 1st period - Vladimir Zharkov wins face-off versus Radek Faksa in Inferno zone.
16:24 of 1st period - Wrist shot by Garret Ross.
16:24 of 1st period - Shot Misses the Net.
16:26 of 1st period - Slapshot by Andreas Athanasiou.
16:26 of 1st period - Goal by Andreas Athanasiou - Punishers : 1 - Inferno : 3.
16:27 of 1st period - Zack Hamill wins face-off versus Anders Lee in neutral zone.
16:43 of 1st period - Snap shot by Miikka Salomaki.
16:43 of 1st period - Shot Blocked by Christian Folin.
17:40 of 1st period - Snap shot by Kevin Labanc.
17:40 of 1st period - Shot Blocked by Jordan Schmaltz.
18:10 of 1st period - Snap shot by Matthew Nieto.
18:10 of 1st period - Shot Blocked by Zack Hamill.
18:26 of 1st period - Slapshot by Radek Faksa.
18:26 of 1st period - Deflect By Austen Brassard.
18:26 of 1st period - Shot Misses the Net.
18:26 of 1st period - Puck is out of play.
18:27 of 1st period - Andreas Athanasiou wins face-off versus Victor Rask in Inferno zone.
18:28 of 1st period - Snap shot by Garret Ross.
18:28 of 1st period - Shot Misses the Net.
18:30 of 1st period - Snap shot by Garret Ross.
18:30 of 1st period - Stopped by Michael Hutchinson with a rebound.
18:34 of 1st period - Snap shot by Garret Ross.
18:34 of 1st period - Shot Blocked by David Savard.
18:36 of 1st period - Snap shot by Andreas Athanasiou.
18:36 of 1st period - Stopped by Michael Hutchinson with a rebound.
18:38 of 1st period - Wrist shot by Carter Ashton.
18:38 of 1st period - Stopped by Michael Hutchinson with a rebound.
18:40 of 1st period - Slapshot by Adam Pelech.
18:40 of 1st period - Shot Misses the Net.
18:42 of 1st period - Snap shot by Andreas Athanasiou.
18:42 of 1st period - Stopped by Michael Hutchinson with a rebound.
18:54 of 1st period - Colby Robak is hit by Miikka Salomaki.
19:00 of 1st period - Ryan Spooner is hit by Robbie Earl and loses puck.
19:22 of 1st period - Vladimir Zharkov is hit by Tyler Bertuzzi and loses puck.
Goals for this period are 1 for Punishers vs 3 for Inferno.
Shots for this period are 13 for Punishers vs 13 for Inferno.
2nd period
0:01 of 2nd period - Zack Hamill wins face-off versus Anders Lee in neutral zone.
0:26 of 2nd period - Anders Lee is hit by Adam Pelech.
0:37 of 2nd period - Slapshot by Tanner Pearson.
0:37 of 2nd period - Shot Blocked by Slava Voynov.
0:39 of 2nd period - Slapshot by Petteri Lindbohm.
0:39 of 2nd period - Stopped by Louis Domingue with a rebound.
0:41 of 2nd period - Snap shot by Mathieu Brodeur.
0:41 of 2nd period - Stopped by Louis Domingue without a rebound.
0:42 of 2nd period - Zack Hamill wins face-off versus Victor Rask in Punishers zone.
0:51 of 2nd period - Snap shot by Zack Hamill.
0:51 of 2nd period - Shot Misses the Net.
0:55 of 2nd period - Wrist shot by Robbie Earl.
0:55 of 2nd period - Shot Misses the Net.
1:10 of 2nd period - Slapshot by Christian Folin.
1:10 of 2nd period - Shot Blocked by Zack Hamill.
1:25 of 2nd period - Christian Folin is hit by Robbie Earl and loses puck.
1:39 of 2nd period - Icing by Christian Folin.
1:40 of 2nd period - Andreas Athanasiou wins face-off versus Victor Rask in Inferno zone.
1:41 of 2nd period - Snap shot by Garret Ross.
1:41 of 2nd period - Stopped by Michael Hutchinson without a rebound.
1:42 of 2nd period - Andreas Athanasiou wins face-off versus Anders Lee in Inferno zone.
2:07 of 2nd period - Anders Lee is hit by Slava Voynov and loses puck.
2:20 of 2nd period - Snap shot by Anders Lee.
2:20 of 2nd period - Shot Misses the Net.
2:38 of 2nd period - Slapshot by Adam Pelech.
2:38 of 2nd period - Deflect By Tanner Pearson.
2:38 of 2nd period - Stopped by Michael Hutchinson without a rebound.
2:39 of 2nd period - Andreas Athanasiou wins face-off versus Victor Rask in Inferno zone.
2:42 of 2nd period - Backhand shot by Garret Ross.
2:42 of 2nd period - Shot Misses the Net.
2:48 of 2nd period - Slapshot by Esa Lindell.
2:48 of 2nd period - Stopped by Louis Domingue without a rebound.
2:49 of 2nd period - Matt Kassian wins face-off versus Carter Ashton in Punishers zone.
2:50 of 2nd period - Slapshot by Esa Lindell.
2:50 of 2nd period - Deflect By Victor Rask.
2:50 of 2nd period - Stopped by Louis Domingue with a rebound.
2:52 of 2nd period - Slapshot by Christian Folin.
2:52 of 2nd period - Shot Blocked by Madison Bowey.
3:10 of 2nd period - Snap shot by Kevin Labanc.
3:10 of 2nd period - Stopped by Louis Domingue with a rebound.
3:12 of 2nd period - Slapshot by Victor Rask.
3:12 of 2nd period - Stopped by Louis Domingue with a rebound.
3:14 of 2nd period - Snap shot by Kevin Labanc.
3:14 of 2nd period - Stopped by Louis Domingue with a rebound.
3:16 of 2nd period - Slapshot by Esa Lindell.
3:16 of 2nd period - Shot Blocked by Jordan Schmaltz.
3:38 of 2nd period - Wrist shot by Kevin Labanc.
3:38 of 2nd period - Shot Misses the Net.
3:40 of 2nd period - Slapshot by Christian Folin.
3:40 of 2nd period - Shot Misses the Net.
3:42 of 2nd period - Snap shot by Kevin Labanc.
3:42 of 2nd period - Stopped by Louis Domingue with a rebound.
3:44 of 2nd period - Slapshot by Kevin Labanc.
3:44 of 2nd period - Shot Misses the Net.
3:46 of 2nd period - Slapshot by Esa Lindell.
3:46 of 2nd period - Stopped by Louis Domingue without a rebound.
3:47 of 2nd period - Anders Lee wins face-off versus Zack Hamill in Punishers zone.
4:00 of 2nd period - Wrist shot by Tanner Pearson.
4:00 of 2nd period - Stopped by Louis Domingue with a rebound.
4:33 of 2nd period - Nikita Gusev is hit by Petteri Lindbohm and loses puck.
4:44 of 2nd period - Snap shot by Nikita Gusev.
4:44 of 2nd period - Shot Misses the Net.
4:46 of 2nd period - Slapshot by Slava Voynov.
4:46 of 2nd period - Stopped by Michael Hutchinson without a rebound.
4:47 of 2nd period - Anders Lee wins face-off versus Zack Hamill in Inferno zone.
4:47 of 2nd period - Anders Lee is hit by Madison Bowey.
5:12 of 2nd period - Madison Bowey is hit by David Savard and loses puck.
5:36 of 2nd period - Matt Kassian is hit by Andreas Athanasiou.
5:40 of 2nd period - Christian Folin is hit by Andreas Athanasiou.
6:12 of 2nd period - Slava Voynov is hit by Petteri Lindbohm and loses puck.
8:07 of 2nd period - Backhand shot by Tanner Pearson.
8:07 of 2nd period - Shot Misses the Net.
8:31 of 2nd period - Snap shot by Garret Ross.
8:31 of 2nd period - Stopped by Michael Hutchinson with a rebound.
8:33 of 2nd period - Slapshot by Slava Voynov.
8:33 of 2nd period - Stopped by Michael Hutchinson without a rebound.
8:34 of 2nd period - Oliver Bjorkstrand wins face-off versus Zack Hamill in Inferno zone.
8:45 of 2nd period - Snap shot by Zack Hamill.
8:45 of 2nd period - Stopped by Michael Hutchinson without a rebound.
8:46 of 2nd period - Anders Lee wins face-off versus Zack Hamill in Inferno zone.
9:13 of 2nd period - Kevin Labanc is hit by Austen Brassard and loses puck.
9:36 of 2nd period - Minor Penalty to Adam Pelech for Hooking.
9:37 of 2nd period - Anders Lee wins face-off versus Zack Hamill in Punishers zone.
11:36 of 2nd period - Penalty to Adam Pelech is over, Adam Pelech is back on ice.
11:57 of 2nd period - Adam Pelech is hit by Mathieu Brodeur and loses puck.
12:08 of 2nd period - Ryan Spooner is hit by Andreas Athanasiou and loses puck.
12:19 of 2nd period - Jordan Schmaltz is hit by Matthew Nieto and loses puck.
12:35 of 2nd period - Esa Lindell is hit by Jordan Schmaltz and loses puck.
12:42 of 2nd period - Slapshot by Jordan Schmaltz.
12:42 of 2nd period - Stopped by Michael Hutchinson with a rebound.
13:08 of 2nd period - David Savard is hit by Dylan DeMelo and loses puck.
13:42 of 2nd period - Icing by Nikita Gusev.
13:43 of 2nd period - John Quenneville wins face-off versus Anders Lee in Punishers zone.
13:53 of 2nd period - Wrist shot by Tanner Pearson.
13:53 of 2nd period - Shot Misses the Net.
14:11 of 2nd period - Miikka Salomaki is hit by Victor Rask and loses puck.
14:30 of 2nd period - Wrist shot by Garret Ross.
14:30 of 2nd period - Shot Blocked by Ryan Spooner.
14:32 of 2nd period - Slapshot by Garret Ross.
14:32 of 2nd period - Shot Blocked by David Savard.
14:34 of 2nd period - Slapshot by Carter Ashton.
14:34 of 2nd period - Shot Misses the Net.
14:50 of 2nd period - Snap shot by Colby Robak.
14:50 of 2nd period - Shot Misses the Net.
15:08 of 2nd period - Matt Kassian is hit by Adam Pelech and loses puck.
15:17 of 2nd period - Wrist shot by Zack Hamill.
15:17 of 2nd period - Stopped by Michael Hutchinson with a rebound.
15:26 of 2nd period - Icing by Dylan DeMelo.
15:27 of 2nd period - Zack Hamill wins face-off versus Vladimir Zharkov in Punishers zone.
15:27 of 2nd period - Zack Hamill is hit by Peter Cehlarik.
16:14 of 2nd period - Wrist shot by Zack Hamill.
16:14 of 2nd period - Stopped by Michael Hutchinson without a rebound.
16:15 of 2nd period - Victor Rask wins face-off versus Zack Hamill in Inferno zone.
16:19 of 2nd period - Minor Penalty to Robbie Earl for Holding.
16:20 of 2nd period - Zack Hamill wins face-off versus Anders Lee in Punishers zone.
18:19 of 2nd period - Penalty to Robbie Earl is over, Robbie Earl is back on ice.
18:32 of 2nd period - Wrist shot by Peter Cehlarik.
18:32 of 2nd period - Shot Misses the Net.
18:45 of 2nd period - Jordan Schmaltz is hit by Petteri Lindbohm and loses puck.
19:29 of 2nd period - Mathieu Brodeur is hit by Andreas Athanasiou and loses puck.
19:44 of 2nd period - Snap shot by Andreas Athanasiou.
19:44 of 2nd period - Stopped by Michael Hutchinson with a rebound.
19:58 of 2nd period - Snap shot by Garret Ross.
19:58 of 2nd period - Deflect By Andreas Athanasiou.
19:58 of 2nd period - Shot Misses the Net.
19:58 of 2nd period - Puck is out of play.
19:59 of 2nd period - Anders Lee wins face-off versus Zack Hamill in Inferno zone.
Goals for this period are 0 for Punishers vs 0 for Inferno.
Shots for this period are 10 for Punishers vs 10 for Inferno.
3rd period
0:01 of 3rd period - Zack Hamill wins face-off versus Anders Lee in neutral zone.
0:06 of 3rd period - Wrist shot by Zack Hamill.
0:06 of 3rd period - Shot Misses the Net.
0:08 of 3rd period - Slapshot by Miikka Salomaki.
0:08 of 3rd period - Stopped by Michael Hutchinson with a rebound.
0:10 of 3rd period - Slapshot by Robbie Earl.
0:10 of 3rd period - Shot Misses the Net.
0:12 of 3rd period - Snap shot by Robbie Earl.
0:12 of 3rd period - Deflect By Miikka Salomaki.
0:12 of 3rd period - Shot Blocked by Tanner Pearson.
0:12 of 3rd period - Puck is out of play.
0:13 of 3rd period - Zack Hamill wins face-off versus Bryan Rust in Inferno zone.
0:31 of 3rd period - Icing by Anders Lee.
0:32 of 3rd period - Anders Lee wins face-off versus Andreas Athanasiou in Inferno zone.
0:47 of 3rd period - Wrist shot by Tanner Pearson.
0:47 of 3rd period - Deflect By Bryan Rust.
0:47 of 3rd period - Stopped by Louis Domingue with a rebound.
0:49 of 3rd period - Wrist shot by Anders Lee.
0:49 of 3rd period - Deflect By Tanner Pearson.
0:49 of 3rd period - Stopped by Louis Domingue with a rebound.
0:51 of 3rd period - Snap shot by Bryan Rust.
0:51 of 3rd period - Shot Misses the Net.
0:53 of 3rd period - Slapshot by Colby Robak.
0:53 of 3rd period - Stopped by Louis Domingue with a rebound.
0:57 of 3rd period - Wrist shot by Bryan Rust.
0:57 of 3rd period - Deflect By Anders Lee.
0:57 of 3rd period - Stopped by Louis Domingue with a rebound.
0:59 of 3rd period - Slapshot by David Savard.
0:59 of 3rd period - Deflect By Bryan Rust.
0:59 of 3rd period - Shot Blocked by Slava Voynov.
0:59 of 3rd period - Puck is out of play.
1:00 of 3rd period - Victor Rask wins face-off versus Zack Hamill in Punishers zone.
1:46 of 3rd period - Oliver Bjorkstrand is hit by Austen Brassard and loses puck.
2:10 of 3rd period - Snap shot by Radek Faksa.
2:10 of 3rd period - Stopped by Michael Hutchinson with a rebound.
2:14 of 3rd period - Snap shot by Radek Faksa.
2:14 of 3rd period - Stopped by Michael Hutchinson with a rebound.
2:16 of 3rd period - Slapshot by Radek Faksa.
2:16 of 3rd period - Stopped by Michael Hutchinson with a rebound.
2:18 of 3rd period - Snap shot by Tyler Bertuzzi.
2:18 of 3rd period - Stopped by Michael Hutchinson without a rebound.
2:19 of 3rd period - Anders Lee wins face-off versus Zack Hamill in Inferno zone.
3:10 of 3rd period - Wrist shot by John Quenneville.
3:10 of 3rd period - Goal by John Quenneville - Punishers : 2 - Inferno : 3.
3:11 of 3rd period - Bryan Rust wins face-off versus Zack Hamill in neutral zone.
3:22 of 3rd period - Snap shot by Tanner Pearson.
3:22 of 3rd period - Shot Hit the Post.
3:24 of 3rd period - Wrist shot by Bryan Rust.
3:24 of 3rd period - Stopped by Louis Domingue with a rebound.
3:26 of 3rd period - Slapshot by Christian Folin.
3:26 of 3rd period - Shot Blocked by Miikka Salomaki.
3:28 of 3rd period - Wrist shot by Bryan Rust.
3:28 of 3rd period - Shot Misses the Net.
3:42 of 3rd period - Slapshot by Adam Pelech.
3:42 of 3rd period - Shot Blocked by Victor Rask.
4:02 of 3rd period - Adam Pelech is hit by David Savard and loses puck.
4:08 of 3rd period - Off-side.
4:09 of 3rd period - Bryan Rust wins face-off versus Zack Hamill in neutral zone.
4:16 of 3rd period - Wrist shot by Tanner Pearson.
4:16 of 3rd period - Shot Misses the Net.
4:44 of 3rd period - Esa Lindell is hit by Tyler Bertuzzi and loses puck.
4:51 of 3rd period - Snap shot by Tyler Bertuzzi.
4:51 of 3rd period - Shot Blocked by Victor Rask.
5:09 of 3rd period - Snap shot by Garret Ross.
5:09 of 3rd period - Stopped by Michael Hutchinson with a rebound.
5:11 of 3rd period - Wrist shot by Andreas Athanasiou.
5:11 of 3rd period - Shot Blocked by Kevin Labanc.
5:13 of 3rd period - Slapshot by Jordan Schmaltz.
5:13 of 3rd period - Deflect By Garret Ross.
5:13 of 3rd period - Shot Blocked by Kevin Labanc.
5:13 of 3rd period - Puck is out of play.
5:14 of 3rd period - Anders Lee wins face-off versus Zack Hamill in Inferno zone.
5:47 of 3rd period - Snap shot by Ryan Spooner.
5:47 of 3rd period - Shot Misses the Net.
6:25 of 3rd period - Snap shot by John Quenneville.
6:25 of 3rd period - Shot Misses the Net.
6:27 of 3rd period - Slapshot by Slava Voynov.
6:27 of 3rd period - Deflect By Matt Kassian.
6:27 of 3rd period - Stopped by Michael Hutchinson with a rebound.
6:29 of 3rd period - Slapshot by Slava Voynov.
6:29 of 3rd period - Stopped by Michael Hutchinson without a rebound.
6:30 of 3rd period - Robbie Earl wins face-off versus Anders Lee in Inferno zone.
6:53 of 3rd period - Minor Penalty to Carter Ashton for Holding.
6:54 of 3rd period - Anders Lee wins face-off versus Zack Hamill in Punishers zone.
7:03 of 3rd period - Wrist shot by Anders Lee.
7:03 of 3rd period - Stopped by Louis Domingue without a rebound.
7:04 of 3rd period - Zack Hamill wins face-off versus Anders Lee in Punishers zone.
7:21 of 3rd period - Snap shot by Robbie Earl.
7:21 of 3rd period - Stopped by Michael Hutchinson with a rebound.
7:37 of 3rd period - Wrist shot by David Savard.
7:37 of 3rd period - Deflect By Oliver Bjorkstrand.
7:37 of 3rd period - Stopped by Louis Domingue with a rebound.
8:53 of 3rd period - Penalty to Carter Ashton is over, Carter Ashton is back on ice.
9:13 of 3rd period - Snap shot by Tyler Bertuzzi.
9:13 of 3rd period - Stopped by Michael Hutchinson with a rebound.
9:26 of 3rd period - Minor Penalty to Dylan DeMelo for Hooking.
9:27 of 3rd period - Anders Lee wins face-off versus Zack Hamill in Punishers zone.
9:37 of 3rd period - Slapshot by Anders Lee.
9:37 of 3rd period - Stopped by Louis Domingue with a rebound.
9:39 of 3rd period - Snap shot by David Savard.
9:39 of 3rd period - Goal by David Savard - Punishers : 2 - Inferno : 4.
9:40 of 3rd period - Anders Lee wins face-off versus Robbie Earl in neutral zone.
9:52 of 3rd period - Icing by Colby Robak.
9:53 of 3rd period - Zack Hamill wins face-off versus Anders Lee in Inferno zone.
9:54 of 3rd period - Wrist shot by Miikka Salomaki.
9:54 of 3rd period - Stopped by Michael Hutchinson without a rebound.
9:55 of 3rd period - Anders Lee wins face-off versus Zack Hamill in Inferno zone.
10:28 of 3rd period - Wrist shot by Garret Ross.
10:28 of 3rd period - Stopped by Michael Hutchinson with a rebound.
11:13 of 3rd period - Wrist shot by Nikita Gusev.
11:13 of 3rd period - Stopped by Michael Hutchinson without a rebound.
11:14 of 3rd period - Zack Hamill wins face-off versus Tanner Pearson in Inferno zone.
11:39 of 3rd period - Carter Ashton is hit by Colby Robak and loses puck.
11:58 of 3rd period - Oliver Bjorkstrand is hit by Dylan DeMelo and loses puck.
12:03 of 3rd period - Snap shot by Radek Faksa.
12:03 of 3rd period - Shot Hit the Post.
12:05 of 3rd period - Slapshot by Adam Pelech.
12:05 of 3rd period - Stopped by Michael Hutchinson with a rebound.
12:07 of 3rd period - Slapshot by Slava Voynov.
12:07 of 3rd period - Shot Blocked by Colby Robak.
12:17 of 3rd period - Slapshot by John Quenneville.
12:17 of 3rd period - Deflect By Nikita Gusev.
12:17 of 3rd period - Shot Misses the Net.
12:17 of 3rd period - Puck is out of play.
12:18 of 3rd period - Peter Cehlarik wins face-off versus John Quenneville in Inferno zone.
12:18 of 3rd period - Peter Cehlarik is hit by Slava Voynov.
12:52 of 3rd period - Icing by Dylan DeMelo.
12:53 of 3rd period - John Quenneville wins face-off versus Anders Lee in Punishers zone.
12:58 of 3rd period - Wrist shot by John Quenneville.
12:58 of 3rd period - Shot Blocked by David Savard.
13:33 of 3rd period - Slapshot by Mathieu Brodeur.
13:33 of 3rd period - Stopped by Louis Domingue with a rebound.
13:42 of 3rd period - Off-side.
13:43 of 3rd period - Zack Hamill wins face-off versus Victor Rask in neutral zone.
13:55 of 3rd period - Minor Penalty to Robbie Earl for Interference.
13:56 of 3rd period - Zack Hamill wins face-off versus Tanner Pearson in Punishers zone.
15:27 of 3rd period - Anders Lee is hit by Andreas Athanasiou and loses puck.
15:32 of 3rd period - Wrist shot by Miikka Salomaki.
15:32 of 3rd period - Stopped by Michael Hutchinson without a rebound.
15:33 of 3rd period - Miikka Salomaki wins face-off versus Victor Rask in Inferno zone.
15:52 of 3rd period - Christian Folin is hit by Slava Voynov and loses puck.
15:55 of 3rd period - Penalty to Robbie Earl is over, Robbie Earl is back on ice.
16:02 of 3rd period - Icing by Adam Pelech.
16:03 of 3rd period - Zack Hamill wins face-off versus Vladimir Zharkov in Punishers zone.
16:10 of 3rd period - Snap shot by Peter Cehlarik.
16:10 of 3rd period - Goal by Peter Cehlarik - Punishers : 2 - Inferno : 5.
16:11 of 3rd period - Anders Lee wins face-off versus Zack Hamill in neutral zone.
16:14 of 3rd period - Wrist shot by Anders Lee.
16:14 of 3rd period - Deflect By Bryan Rust.
16:14 of 3rd period - Stopped by Louis Domingue with a rebound.
16:16 of 3rd period - Snap shot by Bryan Rust.
16:16 of 3rd period - Stopped by Louis Domingue with a rebound.
16:18 of 3rd period - Slapshot by David Savard.
16:18 of 3rd period - Shot Misses the Net.
16:22 of 3rd period - Wrist shot by Anders Lee.
16:22 of 3rd period - Shot Blocked by Adam Pelech.
16:24 of 3rd period - Slapshot by David Savard.
16:24 of 3rd period - Stopped by Louis Domingue with a rebound.
16:26 of 3rd period - Snap shot by Tanner Pearson.
16:26 of 3rd period - Stopped by Louis Domingue with a rebound.
16:28 of 3rd period - Slapshot by Colby Robak.
16:28 of 3rd period - Stopped by Louis Domingue with a rebound.
16:43 of 3rd period - Off-side.
16:44 of 3rd period - Oliver Bjorkstrand wins face-off versus Carter Ashton in neutral zone.
16:50 of 3rd period - Off-side.
16:51 of 3rd period - Anders Lee wins face-off versus Andreas Athanasiou in neutral zone.
17:16 of 3rd period - Zack Hamill is hit by Colby Robak and loses puck.
17:45 of 3rd period - Ryan Spooner is hit by Austen Brassard and loses puck.
18:28 of 3rd period - Garret Ross is hit by Anders Lee and loses puck.
19:31 of 3rd period - Wrist shot by Radek Faksa.
19:31 of 3rd period - Deflect By Tyler Bertuzzi.
19:31 of 3rd period - Shot Blocked by Mathieu Brodeur.
19:31 of 3rd period - Puck is out of play.
19:32 of 3rd period - Anders Lee wins face-off versus Zack Hamill in Inferno zone.
19:47 of 3rd period - Wrist shot by Tanner Pearson.
19:47 of 3rd period - Shot Misses the Net.
Goals for this period are 1 for Punishers vs 2 for Inferno.
Shots for this period are 16 for Punishers vs 16 for Inferno.
Back to the Top